 Dungeon Crawl Stone Soup version 0.30-a0-1053-gbd8d5ba0ad (webtiles) character file.

Game seed: 13560843177469575299

48967 jimonade the Thaumaturge (level 14, -12/111 HPs)
             Began as a Gnoll Warper on Apr 11, 2023.
             Was a Priest of Cheibriados.
             Mangled by a cane toad (16 damage)
             ... on level 5 of the Lair of Beasts on Apr 12, 2023.
             The game lasted 01:22:01 (19702 turns).

jimonade the Thaumaturge (Gnoll Warper)            Turns: 19702, Time: 01:22:02

Health: -12/111    AC: 26    Str: 20    XL:     14   Next: 48%
Magic:  13/28      EV: 17    Int: 22    God:    Cheibriados [***...]
Gold:   952        SH:  5    Dex: 22    Spells: 8/34 levels left

rFire   . . .      SeeInvis +    a - +8 battleaxe (protect)
rCold   . . .      Faith    .    (shield currently unavailable)
rNeg    . . .      Spirit   .    E - +0 scale mail {rPois}
rPois   +          Reflect  +    i - +2 helmet {SInv}
rElec   .          Rampage  .    (no cloak)
rCorr   .                        H - +0 pair of gloves
Will    ++...                    F - +0 pair of boots
Stlth   +++                      u - amulet of reflection
HPRegen 0.38/turn                h - ring of willpower
MPRegen 0.21/turn                J - +4 ring of protection

@: under a protective aura, on berserk cooldown, slowed, very slow
A: fangs 1, strong nose, distributed training
a: Renounce Religion, Bend Time, Temporal Distortion


You were on level 5 of the Lair of Beasts.
You worshipped Cheibriados.
Cheibriados was most pleased with you.
You visited 3 branches of the dungeon, and saw 17 of its levels.

You collected 1064 gold pieces.
You spent 112 gold pieces at shops.

Inventory:

Hand Weapons
 a - a +8 battleaxe of protection (weapon)
 b - a +0 triple crossbow
 r - a +0 glaive
 w - the +1 dagger of Ynleza {freeze, rElec rF- rCorr Dex+5}
   (You found it on level 3 of the Lair of Beasts)

   Dex:       It affects your dexterity (+5).
   rF:        It makes you vulnerable to fire.
   rElec:     It insulates you from electricity.
   rCorr:     It protects you from acid and corrosion.
 L - a +2 dagger of electrocution
 W - a +1 dagger of venom
Missiles
 d - 7 boomerangs of dispersal
 q - 3 atropa-tipped darts (quivered)
 S - 31 poisoned darts
Armour
 i - a +2 helmet of see invisible (worn)
 E - a +0 scale mail of poison resistance (worn)
 F - a +0 pair of boots (worn)
 H - a +0 pair of gloves (worn)
 T - a +0 troll leather armour
Magical Staves
 I - a staff of earth
Jewellery
 h - a ring of willpower (left hand)
 t - a ring of protection from cold
 u - an amulet of reflection (around neck)
 A - a +5 ring of evasion
 J - a +4 ring of protection (right hand)
Wands
 e - a wand of digging (10)
 m - a wand of iceblast (10)
 x - a wand of flame (24)
 M - a wand of acid (28)
 V - a wand of paralysis (12)
Scrolls
 c - 5 scrolls of blinking
 f - 4 scrolls of amnesia
 g - 6 scrolls of teleportation
 k - 2 scrolls of poison
 l - 4 scrolls of fog
 n - a scroll of brand weapon
 o - 4 scrolls of magic mapping
 v - 3 scrolls of immolation
 y - 2 scrolls of silence
 C - 3 scrolls of enchant armour
 P - a scroll of fear
 Q - 3 scrolls of identify
 X - a scroll of enchant weapon
Potions
 j - 7 potions of curing
 p - 3 potions of cancellation
 z - 3 potions of flight
 B - 4 potions of lignification
 D - 2 potions of might
 G - 2 potions of attraction
 K - 3 potions of heal wounds
 N - 2 potions of brilliance
 O - a potion of invisibility
 R - 4 potions of mutation
 U - a potion of ambrosia
 Y - a potion of magic
 Z - 3 potions of resistance


   Skills:
 + Level 10.6 Fighting
 + Level 9.6 Short Blades
 + Level 9.6 Long Blades
 + Level 9.6 Axes
 + Level 9.6 Maces & Flails
 + Level 10.6 Polearms
 + Level 9.6 Staves
 + Level 9.6 Ranged Weapons
 + Level 10.0 Throwing
 + Level 10.0 Armour
 + Level 10.6 Dodging
 + Level 9.6 Stealth
 + Level 9.6 Shields
 + Level 9.6 Unarmed Combat
 + Level 10.8 Spellcasting
 + Level 8.0 Conjurations
 + Level 8.0 Hexes
 + Level 8.0 Summonings
 + Level 8.0 Necromancy
 + Level 9.8 Translocations
 + Level 8.0 Transmutations
 + Level 8.0 Fire Magic
 + Level 8.0 Ice Magic
 + Level 8.0 Air Magic
 + Level 8.0 Earth Magic
 + Level 8.0 Poison Magic
 + Level 10.4 Invocations
 + Level 9.6 Evocations


You had 8 spell levels left.
You knew the following spells:

 Your Spells              Type           Power      Damage    Failure   Level
a - Blink                 Tloc           100%       N/A       1%          2
b - Lesser Beckoning      Tloc           100%       N/A       1%          2
c - Momentum Strike       Conj/Tloc      100%       3d10      1%          2
d - Confusing Touch       Hex            47%        N/A       1%          3
e - Vampiric Draining     Necr           47%        2d9       1%          3
f - Manifold Assault      Tloc           53%        N/A       2%          4
g - Irradiate             Conj/Tmut      23%        3d19      13%         5
h - Silence               Hex/Air        23%        N/A       13%         5

Your spell library contained the following spells:

 Spells                   Type           Power      Damage    Failure   Level
 Slow                     Hex            100%       N/A       1%          1
 Scorch                   Fire           94%        2d9       1%          2
 Sublimation of Blood     Necr           47%        N/A       1%          2
 Teleport Other           Tloc           53%        N/A       1%          3
 Vhi's Electric Charge    Tloc/Air       100%       N/A       1%          3
 Passage of Golubria      Tloc           53%        N/A       2%          4
 Flame Wave               Conj/Fire      47%        2d12      4%          4
 Petrify                  Tmut/Erth      47%        N/A       4%          4
 Summon Cactus Giant      Summ           23%        N/A       58%         6
 Lehudib's Crystal Spear  Conj/Erth      23%        10d7      100%        8


Dungeon Overview and Level Annotations

Branches:
Dungeon (11/15)            Temple (1/1) D:4            Lair (5/5) D:11
  Swamp (0/4) Lair:3        Snake (0/4) Lair:2          Orc (0/2) D:10
  Slime: Lair:4-5

Altars:
Ashenzari
Cheibriados
Dithmenos
Elyvilon
Fedhas
Gozag
Hepliaklqana
Kikubaaqudgha
Makhleb
Nemelex Xobeh
Okawaru
Qazlal
Ru
Sif Muna
Trog
Uskayaw
Vehumet
Wu Jian
Xom
Yredelemnul
Zin
The Shining One

Shops:
D:3 [   D:11 *

Annotations:
D:2 Grinder
Lair:3 1 runed translucent door, hollowman's ghost, adept TeHu
Lair:5 exclusion: 2 oklob plants


Innate Abilities, Weirdness & Mutations

You have very sharp teeth.
Your uncanny sense of smell can sniff out nearby items.
Your experience applies equally to all skills.


Message History

You block the 11-headed hydra's attack. The 11-headed hydra closely misses you.
The 11-headed hydra barely misses you. The 11-headed hydra misses you.
You chop one of the 11-headed hydra's heads off!
The ten-headed hydra grows two more!
You slice the 12-headed hydra!! You bite the 12-headed hydra!
The 12-headed hydra is almost dead.
You block the 12-headed hydra's attack. x2; The 12-headed hydra bites you.
* * * LOW HITPOINT WARNING * * *
The 12-headed hydra bites you but does no damage.
You block the 12-headed hydra's attack. x2
The 12-headed hydra bites you but does no damage.
The 12-headed hydra barely misses you. The 12-headed hydra misses you.
The 12-headed hydra bites you but does no damage.
The 12-headed hydra barely misses you.
The 12-headed hydra bites you but does no damage.
You chop one of the 12-headed hydra's heads off!
The 11-headed hydra grows two more!
You slash the 13-headed hydra!
You kill the 13-headed hydra!
Cheibriados thoroughly appreciates the change of pace.
The cane toad stings you but does no damage.
The cane toad barely misses you. The cane toad stings you.
* * * LOW HITPOINT WARNING * * *
Things that are here:
a yak corpse; a death yak corpse; a death yak corpse You slash the cane toad!
You bite the cane toad.
The cane toad is moderately wounded.
The cane toad misses you.
You are no longer berserk.
You are exhausted.
You feel yourself slow down.
The cane toad stings you but does no damage.
You slash the cane toad!
You bite the cane toad, but do no damage.
The cane toad is severely wounded.
The cane toad misses you. x2; The cane toad stings you.
* * * LOW HITPOINT WARNING * * *
You barely miss the cane toad.
The cane toad is severely wounded.
The cane toad completely misses you. The cane toad stings you!
You die...

#......#.##
###........
##........
#.....##.#
#P....# ##
##...##
###..#
#.F..##
#†#@).#
#.....#
##...##
#...# #....
#.....
....#:.
........
#.....####


You could see a cane toad.

Vanquished Creatures
  Gastronok (Lair:3)
  2 hydras
  2 ghost crabs (Lair:3)
  A boulder beetle (Lair:4)
  2 centaur warriors
  3 two-headed ogres
  16 death yaks
  2 goliath frogs (Lair:5)
  An oklob plant (Lair:5)
  2 ugly things
  A manticore (D:11)
  6 black mambas
  2 torpor snails
  An unseen horror (D:11)
  2 rime drakes
  16 cane toads
  A yaktaur (D:9)
  9 komodo dragons
  A spectral skyshark (Lair:3)
  A troll (D:9)
  2 tyrant leeches (Lair:5)
  2 polar bears (Lair:3)
  3 hornets
  10 blink frogs
  A spectral elephant (Lair:3)
  Sigmund (D:3)
  4 basilisks
  37 yaks
  9 wyverns
  2 steam dragons
  2 vampire mosquitoes (Lair:5)
  3 nagas (Lair:2)
  2 acid dragons (D:9)
  5 water moccasins
  5 orc warriors
  An ice beast (D:8)
  4 black bears
  3 ogres
  11 wolves
  2 centaurs
  3 phantoms
  3 kobold brigands
  A spectral basilisk (Lair:3)
  17 bullfrogs
  5 scorpions
  2 gnoll sergeants
  10 wights
  25 killer bees
  11 howler monkeys
  3 orc priests
  7 hounds
  A gnoll bouda (D:10)
  6 iguanas
  Terence (D:2)
  A sleepcap (D:6)
  8 orc wizards
  11 gnolls
  9 adders
  A white imp (D:6)
  2 ufetubi
  3 worms
  7 dart slugs
  29 orcs
  13 ball pythons
  6 bats
  5 endoplasms
  3 giant cockroaches
  10 goblins
  7 hobgoblins
  8 jackals
  2 quokkas
  11 frilled lizards
  20 kobolds
  4 rats
436 creatures vanquished.

Vanquished Creatures (others)
  2 bushes (Lair:5)
  41 fungi
  100 plants
  2 withered plants (Lair:3)
145 creatures vanquished.

Grand Total: 581 creatures vanquished

Notes
Turn   | Place    | Note
-------+----------+-------------------------------------------
     0 | D:1      | jimonade the Gnoll Warper began the quest for the Orb.
     0 | D:1      | Reached XP level 1. HP: 20/20 MP: 6/6
    79 | D:1      | Reached XP level 2. HP: 26/26 MP: 7/7
   424 | D:1      | Reached skill level 5 in Spellcasting
   424 | D:1      | Reached XP level 3. HP: 31/31 MP: 7/9
   579 | D:1      | Reached skill level 1 in Invocations
   764 | D:1      | You fall into a shaft and drop 1 floor!
   795 | D:2      | Reached skill level 1 in Short Blades
   795 | D:2      | Reached skill level 1 in Long Blades
   795 | D:2      | Reached skill level 1 in Axes
   795 | D:2      | Reached skill level 1 in Maces & Flails
   795 | D:2      | Reached skill level 1 in Staves
   795 | D:2      | Reached skill level 1 in Ranged Weapons
   795 | D:2      | Reached skill level 1 in Stealth
   795 | D:2      | Reached skill level 1 in Shields
   795 | D:2      | Reached skill level 1 in Unarmed Combat
   795 | D:2      | Reached skill level 1 in Evocations
   939 | D:2      | Noticed Terence
   953 | D:2      | Killed Terence
   954 | D:2      | Reached skill level 1 in Conjurations
   954 | D:2      | Reached skill level 1 in Hexes
   954 | D:2      | Reached skill level 1 in Summonings
   954 | D:2      | Reached skill level 1 in Necromancy
   954 | D:2      | Reached skill level 1 in Transmutations
   954 | D:2      | Reached skill level 1 in Fire Magic
   954 | D:2      | Reached skill level 1 in Ice Magic
   954 | D:2      | Reached skill level 1 in Air Magic
   954 | D:2      | Reached skill level 1 in Earth Magic
   954 | D:2      | Reached skill level 1 in Poison Magic
   954 | D:2      | Reached XP level 4. HP: 8/38 MP: 11/11
  2131 | D:3      | Noticed Grinder
  2302 | D:3      | Reached XP level 5. HP: 43/43 MP: 12/12
  2785 | D:3      | Found Ogoh's Armour Emporium.
  2819 | D:2      | Learned a level 2 spell: Blink
  2822 | D:2      | Learned a level 2 spell: Lesser Beckoning
  2909 | D:3      | Noticed Sigmund
  2933 | D:3      | Killed Sigmund
  2934 | D:3      | Reached skill level 5 in Fighting
  2934 | D:3      | Reached skill level 5 in Polearms
  2934 | D:3      | Reached skill level 5 in Dodging
  2934 | D:3      | Reached XP level 6. HP: 22/51 MP: 14/14
  3161 | D:3      | Bought a +0 scale mail of poison resistance for 112 gold
                  | pieces
  3662 | D:4      | Reached XP level 7. HP: 55/56 MP: 15/15
  3851 | D:4      | Found a staircase to the Ecumenical Temple.
  3862 | Temple   | Entered the Ecumenical Temple
  3969 | Temple   | Became a worshipper of Cheibriados the Contemplative
  4205 | D:5      | Entered Level 5 of the Dungeon
  4730 | D:5      | Reached XP level 8. HP: 41/63 MP: 16/16
  4969 | D:5      | Reached * piety under Cheibriados
  5944 | D:6      | Reached XP level 9. HP: 63/69 MP: 18/18
  5950 | D:6      | Reached ** piety under Cheibriados
  6474 | D:7      | Reached skill level 5 in Throwing
  6474 | D:7      | Reached skill level 5 in Armour
  6824 | D:7      | Reached skill level 5 in Invocations
  7220 | D:7      | Reached *** piety under Cheibriados
  7599 | D:7      | Reached skill level 5 in Short Blades
  7599 | D:7      | Reached skill level 5 in Long Blades
  7599 | D:7      | Reached skill level 5 in Axes
  7599 | D:7      | Reached skill level 5 in Maces & Flails
  7599 | D:7      | Reached skill level 5 in Staves
  7599 | D:7      | Reached skill level 5 in Ranged Weapons
  7599 | D:7      | Reached skill level 5 in Stealth
  7599 | D:7      | Reached skill level 5 in Shields
  7599 | D:7      | Reached skill level 5 in Unarmed Combat
  7599 | D:7      | Reached skill level 5 in Evocations
  7599 | D:7      | Reached XP level 10. HP: 71/77 MP: 20/20
  8642 | D:8      | Reached **** piety under Cheibriados
  9607 | D:9      | Reached skill level 5 in Conjurations
  9607 | D:9      | Reached skill level 5 in Hexes
  9607 | D:9      | Reached skill level 5 in Summonings
  9607 | D:9      | Reached skill level 5 in Necromancy
  9607 | D:9      | Reached skill level 5 in Transmutations
  9607 | D:9      | Reached skill level 5 in Fire Magic
  9607 | D:9      | Reached skill level 5 in Ice Magic
  9607 | D:9      | Reached skill level 5 in Air Magic
  9607 | D:9      | Reached skill level 5 in Earth Magic
  9607 | D:9      | Reached skill level 5 in Poison Magic
  9632 | D:9      | Reached XP level 11. HP: 78/85 MP: 21/23
  9706 | D:9      | Learned a level 2 spell: Momentum Strike
  9710 | D:9      | Learned a level 3 spell: Confusing Touch
  9714 | D:9      | Learned a level 3 spell: Vampiric Draining
  9719 | D:9      | Learned a level 4 spell: Manifold Assault
  9911 | D:9      | Reached ***** piety under Cheibriados
 10567 | D:9      | Noticed a green ugly thing
 10639 | D:9      | Killed a green ugly thing
 10992 | D:10     | Entered Level 10 of the Dungeon
 11357 | D:10     | Found a burning altar of Makhleb.
 11357 | D:10     | Found a hazy altar of Hepliaklqana.
 11357 | D:10     | Found a blossoming altar of Fedhas.
 11357 | D:10     | Found a stormy altar of Qazlal.
 11363 | D:10     | Found an iron altar of Okawaru.
 11367 | D:10     | Found a shimmering altar of Xom.
 11528 | D:10     | Noticed a two-headed ogre
 11544 | D:10     | Killed a two-headed ogre
 11546 | D:10     | Noticed a two-headed ogre
 11548 | D:10     | Noticed a centaur warrior
 11558 | D:10     | Killed a centaur warrior
 11559 | D:10     | Killed a two-headed ogre
 11918 | D:10     | Found a staircase to the Orcish Mines.
 12147 | D:11     | Noticed a centaur warrior
 12153 | D:11     | Killed a centaur warrior
 12154 | D:11     | Reached XP level 12. HP: 91/94 MP: 22/24
 12247 | D:11     | Found a staircase to the Lair.
 12320 | D:11     | Found Tuwa's Changing Room.
 12341 | D:11     | Noticed a two-headed ogre
 12362 | D:11     | Killed a two-headed ogre
 13197 | Lair:1   | Entered Level 1 of the Lair of Beasts
 13446 | Lair:1   | Reached ****** piety under Cheibriados
 14528 | Lair:2   | Found a staircase to the Snake Pit.
 14936 | Lair:2   | Learned a level 3 spell: Vhi's Electric Charge
 15022 | Lair:2   | Noticed an eight-headed hydra
 15041 | Lair:2   | Killed an eight-headed hydra
 15825 | Lair:3   | Identified the +1 dagger of Ynleza {freeze, rElec rF- rCorr
                  | Dex+5}
 15857 | Lair:3   | Reached XP level 13. HP: 101/101 MP: 23/26
 15944 | Lair:3   | Noticed Gastronok
 15975 | Lair:3   | HP: 2/101 [Gastronok (13)]
 15983 | Lair:3   | Killed Gastronok
 16605 | Lair:3   | Found a runed translucent door.
 16720 | Lair:3   | Noticed hollowman's ghost (adept TeHu)
 16804 | Lair:3   | Found a staircase to the Swamp.
 17399 | Lair:4   | Reached skill level 10 in Spellcasting
 17761 | Lair:4   | Reached skill level 10 in Fighting
 17761 | Lair:4   | Reached skill level 10 in Polearms
 17761 | Lair:4   | Reached skill level 10 in Dodging
 18349 | Lair:4   | Learned a level 5 spell: Irradiate
 18355 | Lair:4   | Learned a level 5 spell: Silence
 18397 | Lair:5   | Entered Level 5 of the Lair of Beasts
 18480 | Lair:5   | Reached skill level 10 in Invocations
 18480 | Lair:5   | Reached XP level 14. HP: 49/110 MP: 4/28
 19693 | Lair:5   | Reached skill level 10 in Throwing
 19693 | Lair:5   | Reached skill level 10 in Armour
 19695 | Lair:5   | HP: 6/166 [11-headed hydra (3)]
 19701 | Lair:5   | HP: 4/111 [cane toad (1)]
 19702 | Lair:5   | Mangled by a cane toad

Illustrated notes

Levels and vault maps discovered:
D:1:      wheals_arrival_linesprint, layout_loops_ring, nrook_loot_triangle
D:2:      layout_basic, uniq_terence
D:3:      layout_basic, serial_shops, nicolae_diamond_shop, uniq_grinder,
          uniq_sigmund
D:4:      layout_rooms, minmay_temple_entry_antechambers, serial_forest,
          infiniplex_forest_lined_1, infiniplex_forest_end_3,
          infiniplex_forest_zigzag_1, infiniplex_forest_lined_room_2,
          infiniplex_forest_lined_corner, infiniplex_forest_clump_small,
          infiniplex_forest_clump_long
D:5:      layout_gridville, minmay_lizard_king
D:6:      layout_basic, minmay_bent
D:7:      layout_loops_cross
D:8:      layout_basic
D:9:      layout_basic, nzn_random_ring
D:10:     layout_loops_ring, minmay_overflow_temple_hex, orc_0_dummy,
          serial_glass, glass_columns_b, glass_columns_a, feat_on_display,
          feat_on_display, due_unseen_surprise
D:11:     layout_stronghold, lair_entry_dummy, nicolae_transmutations_shop
Temple:   nicolae_temple_superstar
Lair:1:   layout_chaotic_city, infiniplex_staircase_pool_2, grunt_megastairs_3
Lair:2:   layout_regular_city, nicolae_snake_entry_squirm, beast_lair_carwin_1
Lair:3:   layout_regular_city, nicolae_swamp_entry_spooky,
          gammafunk_ghost_grave, minivault_26, chequers_serial_rivers_large_b,
          grunt_megastairs_4, uniq_gastronok
Lair:4:   layout_roguey
Lair:5:   minmay_lair_end_frog_pond, layout_concentric_octagons,
          minmay_slime_entry_oklob_enclosed

Skill      XL: |  1  2  3  4  5  6  7  8  9 10 11 12 13 14 |
---------------+-------------------------------------------+-----
Spellcasting   | 5 6 7 8 9 10 | 10.8
Invocations    | 1 2 3 4 5 6 7 8 10 | 10.4
Short Blades   | 1 2 3 5 6 7 8 9 |  9.6
Long Blades    | 1 2 3 5 6 7 8 9 |  9.6
Axes           | 1 2 3 5 6 7 8 9 |  9.6
Maces & Flails | 1 2 3 5 6 7 8 9 |  9.6
Staves         | 1 2 3 5 6 7 8 9 |  9.6
Ranged Weapons | 1 2 3 5 6 7 8 9 |  9.6
Stealth        | 1 2 3 5 6 7 8 9 |  9.6
Shields        | 1 2 3 5 6 7 8 9 |  9.6
Unarmed Combat | 1 2 3 5 6 7 8 9 |  9.6
Evocations     | 1 2 3 5 6 7 8 9 |  9.6
Conjurations   | 1 2 3 4 5 6 7 8 |  8.0
Hexes          | 1 2 3 4 5 6 7 8 |  8.0
Summonings     | 1 2 3 4 5 6 7 8 |  8.0
Necromancy     | 1 2 3 4 5 6 7 8 |  8.0
Transmutations | 1 2 3 4 5 6 7 8 |  8.0
Fire Magic     | 1 2 3 4 5 6 7 8 |  8.0
Ice Magic      | 1 2 3 4 5 6 7 8 |  8.0
Air Magic      | 1 2 3 4 5 6 7 8 |  8.0
Earth Magic    | 1 2 3 4 5 6 7 8 |  8.0
Poison Magic   | 1 2 3 4 5 6 7 8 |  8.0
Throwing       | 3 4 5 6 7 8 9 10 | 10.0
Armour         | 3 4 5 6 7 8 9 10 | 10.0
Fighting       | 5 6 7 8 9 10 | 10.6
Polearms       | 5 6 7 8 9 10 | 10.6
Dodging        | 5 6 7 8 9 10 | 10.6
Translocations | 6 7 8 9 |  9.8

Action                     |  1- 3 |  4- 6 |  7- 9 | 10-12 | 13-15 || total
---------------------------+-------+-------+-------+-------+-------++-------
  Melee: Spear             |   165 |       |       |       |       ||   165
         Bite              |    15 |    12 |    79 |   149 |    51 ||   306
         Dagger            |    16 |   163 |   557 |   453 |     1 ||  1190
         Punch             |     2 |     2 |    15 |       |       ||    19
         Battleaxe         |       |       |       |   336 |   298 ||   634
   Fire: Triple crossbow   |       |       |       |       |    41 ||    41
  Throw: Stone             |     2 |       |       |       |       ||     2
   Cast: Blink             |       |     1 |       |       |     3 ||     4
         Lesser Beckoning  |       |       |    12 |    22 |     9 ||    43
         Confusing Touch   |       |       |       |    34 |     7 ||    41
         Momentum Strike   |       |       |       |    11 |     4 ||    15
         Vampiric Draining |       |       |       |     5 |     6 ||    11
         Manifold Assault  |       |       |       |     4 |    15 ||    19
         Vhi's Electric Ch |       |       |       |     3 |       ||     3
 Invoke: Slouch            |       |       |       |       |    13 ||    13
  Evoke: Wand              |       |       |       |     3 |       ||     3
    Use: Potion            |     1 |       |     1 |     3 |     5 ||    10
         Scroll            |       |     6 |     8 |    14 |       ||    28
   Stab: Sleeping          |       |       |       |     5 |     3 ||     8
         Confused          |       |       |       |    23 |     2 ||    25
 Armour: Leather armour    |     8 |       |       |       |       ||     8
         Ring mail         |    37 |    35 |       |       |       ||    72
         Scale mail        |       |    13 |   138 |   155 |   123 ||   429
  Dodge: Dodged            |    67 |    78 |   314 |   591 |   276 ||  1326
  Block: Other             |       |    13 |    95 |   104 |    79 ||   291
         Reflection        |       |     1 |     3 |     4 |     1 ||     9
         Buckler           |       |       |    46 |   205 |       ||   251

Table legend: (Time is in decaauts)
 A = Elapsed time spent in this place.
 B = Non-inter-level travel time spent in this place.
 C = Inter-level travel time spent in this place.
 D = Time resting spent in this place.
 E = Time spent auto-exploring this place.
 F = Levels seen in this place.
 G = Mean time per level.
                   A        B        C        D        E       F      G
               +--------+--------+--------+--------+--------+-----+--------+
         Total |  27267 |  26391 |    876 |   3738 |   9839 |  17 | 1603.9 |
       Dungeon |  17010 |  16392 |    618 |   1621 |   6891 |  11 | 1546.4 |
        Temple |    118 |     90 |     28 |      0 |     73 |   1 |  118.0 |
          Lair |  10138 |   9908 |    230 |   2117 |   2875 |   5 | 2027.6 |
               +--------+--------+--------+--------+--------+-----+--------+

Top non-repeatable levels by time:
     D:9: 3159 daAuts
  Lair:3: 2872 daAuts
    D:11: 2113 daAuts
  Lair:2: 2106 daAuts
  Lair:1: 1924 daAuts
  Lair:4: 1864 daAuts
     D:7: 1858 daAuts
    D:10: 1725 daAuts
  Lair:5: 1370 daAuts
     D:6: 1364 daAuts
     D:5: 1274 daAuts
     D:8: 1199 daAuts
     D:2: 1163 daAuts
     D:3: 1158 daAuts
     D:4: 1012 daAuts
